[Event "*** Titled Tuesday Blitz"]
[Site "Chess.com"]
[Date "2021.02.02"]
[Round "9"]
[White "Sofiia_Hryzlova"]
[Black "Moon_stone123"]
[Result "0-1"]
[WhiteElo "2257"]
[BlackElo "2435"]
[TimeControl "180+1"]
[EndTime "11:46:31 PST"]
[Termination "Moon_stone123 won by resignation"]

1. c4 Nf6 2. Nc3 e6 3. e4 d5 4. cxd5 exd5 5. e5 d4 6. exf6 dxc3 7. bxc3 Qxf6 8. Nf3 Bd6 9. Be2 O-O 10. d4 c5 11. Be3 Nc6 12. O-O cxd4 13. cxd4 Bf5 14. Qb3 b6 15. Rac1 Na5 16. Qd5 Rfd8 17. Bg5 Bxh2+ 18. Kxh2 Rxd5 19. Bxf6 gxf6 20. Nh4 Be4 21. f3 Bg6 22. f4 Rxd4 23. Rc3 Re8 24. Bb5 Red8 25.
Rff3 Rd2 26. f5 Bh5 27. Rg3+ Kf8 28. Rc7 Rxa2 29. Nf3 Bxf3 30. Rxf3 Rd5 31. Bf1 Rc5 32. Rxa7 Rac2 33. Ra8+ Rc8 34. Ra7 R2c7 35. Ra6 Rb8 36. Rh3 Kg7 37. Be2 Nc6 38. Ra4 b5 39. Rg4+ Kf8 40.
Rxh7 Ke7 41. Rgg7 Ne5 42. Bh5 Rf8 43. Rg3 Rb7 44. Rb3 b4 45. Kg3 Rg8+ 46. Kf2 Rc8 47. Re3 Kd6 48. Bd1 Rc3 49. Rhh3 Rxe3 50. Rxe3 Kc5 51.
g4 Kd4 52. g5 fxg5 53. Rg3 f6 54. Bb3 Nd3+ 55. Ke2 Re7+ 56. Kd2 Nc5 57. Bg8 Ne4+ 0-1

[Event "*** Titled Tuesday Blitz"]
[Site "Chess.com"]
[Date "2021.02.02"]
[Round "9"]
[White "novocane"]
[Black "dopolian"]
[Result "1/2-1/2"]
[WhiteElo "2260"]
[BlackElo "2411"]
[TimeControl "180+1"]
[EndTime "11:46:31 PST"]
[Termination "Game drawn by repetition"]

1. d4 Nf6 2. c4 e6 3. Nc3 d5 4. cxd5 exd5 5. Bg5 Be7 6. Qc2 O-O 7. e3 c6 8. Bd3 Nbd7 9. Nf3 Re8 10. O-O Nf8 11. h3 g6 12. Rab1 Ne6 13. Bxf6 Bxf6 14. b4 a6 15. a4 Ng7 16. b5 axb5 17. axb5 Bf5 18. bxc6 bxc6 19. Bxf5 Nxf5 20. Na4 Qd6 21. Rfc1 Ne7 22.
Nc5 Reb8 23. Nd3 Rxb1 24. Rxb1 Rb8 25. Rxb8+ Qxb8 26. Nfe5 Bxe5 27. Nxe5 Qd6 28. g3 f6 29. Nd3 Kg7 30. Nc5 Qb8 31. Kg2 Qb5 32. Qa2 Qb8 33.
Qa6 Qd6 34. Qb7 Kf7 35. Qa7 Kg7 36. Qa8 Nf5 37. Qe8 Ne7 38. Nd7 Nf5 39. Nb8 Ne7 40. Nd7 Nf5 41. Nc5 Ne7 42. g4 h6 43. Nd7 Ng8 44. Nb8 Ne7 45. Nd7 Ng8 46. Nc5 Ne7 47. Nd7 1/2-1/2

[Event "*** Titled Tuesday Blitz"]
[Site "Chess.com"]
[Date "2021.02.02"]
[Round "9"]
[White "Tartody"]
[Black "anon132639"]
[Result "1-0"]
[WhiteElo "2663"]
[BlackElo "2794"]
[TimeControl "180+1"]
[EndTime "11:46:32 PST"]
[Termination "Tartody won by checkmate"]

1. Nf3 Nf6 2. b3 c5 3. Bb2 Nc6 4. e3 b6 5. g3 Bb7 6. Bg2 e6 7.
O-O Be7 8. Qe2 O-O 9. Rd1 d5 10. Na3 Rc8 11. c4 Qc7 12. cxd5 Nxd5 13. e4 Nf6 14.
Rac1 Rfd8 15. d4 c4 16. Nxc4 Qb8 17. Nfe5 Nxe5 18. dxe5 Nd7 19. f4 Bc5+ 20. Kh1 Ba6 21. h4 h6 22. Kh2 Be7 23. Qg4 Bxc4 24. bxc4 Qc7 25. Rd6 h5 26. Qd1 Bxd6 27. exd6 Qc5 28.
e5 g6 29. Bd4 Qa3 30. Qe2 Nc5 31. Rc3 Qb4 32. g4 hxg4 33. Qxg4 Qb1 34. Rg3 Ne4 35.
Rh3 Rxc4 36. h5 g5 37. Be3 Rc2 38. fxg5 Nf2 39. Qf3 Nxh3 40. Qf6 Rxg2+ 41. Kxg2 Qe4+ 42. Kh2 Rc8 43. Bd2 Rc2 44. Qd8+ Kh7 45. g6+ fxg6 46. Qe7+ Kg8 47. Qe8+ Kg7 48. h6+ Kh7 49. Qf7+ Kh8 50.
Qg7# 1-0

[Event "*** Titled Tuesday Blitz"]
[Site "Chess.com"]
[Date "2021.02.02"]
[Round "9"]
[White "Jospem"]
[Black "Philosopherrr"]
[Result "1-0"]
[WhiteElo "3021"]
[BlackElo "2596"]
[TimeControl "180+1"]
[EndTime "11:46:33 PST"]
[Termination "Jospem won by resignation"]

1. e4 e5 2. Bc4 Nf6 3. d3 Nc6 4. Nc3 Bc5 5. h3 d6 6. Nge2 a6 7. O-O h6 8. Be3 O-O 9. Qd2 Na5 10.
Bb3 Nxb3 11. axb3 Re8 12. Bxc5 dxc5 13. f4 Qd6 14. Rf2 Bd7 15. Raf1 b5 16. fxe5 Rxe5 17. Kh1 Rg5 18. Ng1 Nh5 19. Nce2 Be6 20. Nf3 Ng3+ 21. Nxg3 Rxg3 22. Ng1 Rg6 23. Ne2 Qe5 24. Nf4 Rf6 25. b4 cxb4 26. Qxb4 c5 27. Qa3 a5 28. b3 a4 29. b4 c4 30. Kg1 Rc8 31. Qc1 Qd4 32. c3 Qb6 33. d4 Qb7 34. d5 Bd7 35. Qe3 Re8 36. e5 Rf5 37. e6 fxe6 38. dxe6 Bc6 39. h4 Rf6 40. Qd4 Qe7 41. Re1 Ref8 42. Ref1 Ba8 43.
Ng6 Qb7 44. Nxf8 Rxf2 45. Rxf2 1-0

[Event "*** Titled Tuesday Blitz"]
[Site "Chess.com"]
[Date "2021.02.02"]
[Round "9"]
[White "MF1966Idrisov"]
[Black "VladaSviridova"]
[Result "1-0"]
[WhiteElo "2385"]
[BlackElo "2253"]
[TimeControl "180+1"]
[EndTime "11:46:33 PST"]
[Termination "MF1966Idrisov won on time"]

1. Nf3 d5 2. b3 Nf6 3. Bb2 Bf5 4. e3 e6 5. Ne5 Nbd7 6. f4 Bd6 7.
Be2 c6 8. O-O Qc7 9. d4 O-O 10. c4 b6 11. Nc3 Ne4 12. Rc1 f6 13. Nf3 Nxc3 14. Rxc3 Qb7 15. Nh4 Be4 16. Bf3 f5 17.
Be2 Nf6 18. Nf3 Bxf3 19. Bxf3 Ne4 20. Bxe4 fxe4 21. Qg4 Rf6 22. Rfc1 Rg6 23. Qe2 Bb4 24. R3c2 Rf8 25. cxd5 exd5 26. Bc3 Ba3 27. Bb2 Be7 28. Rf1 Rgf6 29. Bc3 a5 30. Be1 Kh8 31. Bh4 R6f7 32. Bxe7 Rxe7 33. Qg4 Ref7 34. Qg5 Rf6 35. Qe5 b5 36. Rfc1 a4 37. b4 a3 38. g4 Rc8 39.
Qxd5 h6 40. Qe5 Rcf8 41. Rc5 R8f7 42. h4 Re7 43. Qh5 Kh7 44. g5 Rd6 45. Qg4 g6 46.
gxh6 Ree6 47. Kh2 Qf7 48. Rg1 Kxh6 49. h5 Kg7 50. Rg5 Rf6 51. f5 1-0

[Event "*** Titled Tuesday Blitz"]
[Site "Chess.com"]
[Date "2021.02.02"]
[Round "9"]
[White "Konavets"]
[Black "PavelShkapenko"]
[Result "1-0"]
[WhiteElo "2931"]
[BlackElo "2728"]
[TimeControl "180+1"]
[EndTime "11:46:34 PST"]
[Termination "Konavets won by resignation"]

1. e4 e5 2. Nf3 Nc6 3. Bc4 d6 4. d4 Nf6 5. dxe5 dxe5 6. Qe2 Bg4 7. c3 Bd6 8. Bg5 O-O 9. Nbd2 a6 10. Bb3 Qe7 11.
h3 Bh5 12. g4 Bg6 13. Nh4 Na5 14. Nf5 Bxf5 15. gxf5 Nxb3 16. axb3 Kh8 17. Rg1 Rg8 18. Nc4 Bc5 19. b4 Ba7 20. O-O-O Rad8 21. Na5 Rxd1+ 22. Rxd1 c6 23. f3 Qc7 24. Nc4 Nh5 25. Nd6 f6 26. Qc4 Rf8 27. Bh4 h6 28. Kc2 Nf4 29. Bg3 Nxh3 30. Rd3 Bf2 31. Bh2 Ba7 32. f4 Nxf4 33.
Bxf4 exf4 34. Qe6 Kh7 35. e5 fxe5 36. Ne8 Qf7 37. Nd6 Qf6 38. Ne4 Qxe6 39. fxe6 Re8 40.
Rd6 f3 41. Kd1 Bb8 42. Rd7 Rxe6 43. Rxb7 Bd6 44. Ke1 Be7 45. Kf2 Bh4+ 46. Kxf3 Re7 47. Rb6 Rf7+ 48. Ke3 Rf4 49. Rxc6 Rf1 50. Rxa6 Re1+ 51.
Kf3 Rb1 52. Ra2 Be7 53. b5 Bd8 54. c4 Rf1+ 55. Ke2 Rf4 56. Kd3 Rf3+ 57. Ke2 Rf4 58. Ke3 Rh4 59. c5 Rh3+ 60. Ke2 Rh4 61. Ra4 Kg6 62. b6 Rh2+ 63. Nf2 Kf5 64. Ra8 Be7 65. b7 1-0

[Event "*** Titled Tuesday Blitz"]
[Site "Chess.com"]
[Date "2021.02.02"]
[Round "9"]
[White "anantone"]
[Black "Witik"]
[Result "1-0"]
[WhiteElo "2586"]
[BlackElo "2757"]
[TimeControl "180+1"]
[EndTime "11:46:34 PST"]
[Termination "anantone won by checkmate"]

1. c4 d6 2. g3 c6 3. Bg2 h6 4. Nc3 Nd7 5. d4 g5 6. h4 Bg7 7. hxg5 hxg5 8. Rxh8 Bxh8 9. Bxg5 Qb6 10. Nf3 Qxb2 11. Qc1 Qb4 12. Be3 Qxc4 13. Rb1 Ngf6 14. Qc2 Nd5 15. Qh7 Nxe3 16. Qxh8+ Nf8 17. fxe3 Qxc3+ 18. Kf2 Qc2 19. Rh1 Be6 20. Qg7 O-O-O 21. Ng5 Bc4 22. Bf3 Ne6 23. Nxe6 Bxe6 24. Rh8 Qxa2 25.
Rxd8+ Kxd8 26. Qf8+ Kd7 27. Qb8 Qa6 28. g4 Qb6 29. g5 a5 30. Bh5 a4 31. g6 fxg6 32.
Bxg6 Qd8 33. Qxb7+ Qc7 34. Qa8 Bb3 35. Qe8+ Ke6 36.
Qf7+ Kd7 37. Qe8+ Ke6 38. Qg8+ Kf6 39. Qh7 Qd8 40. Be4 Qf8 41. Ke1 Qg7 42. Qf5# 1-0

[Event "*** Titled Tuesday Blitz"]
[Site "Chess.com"]
[Date "2021.02.02"]
[Round "9"]
[White "PopMilan95"]
[Black "VALPARAISO37"]
[Result "1-0"]
[WhiteElo "2628"]
[BlackElo "2473"]
[TimeControl "180+1"]
[EndTime "11:46:34 PST"]
[Termination "PopMilan95 won by checkmate"]

1. e4 e5 2. Nf3 Nc6 3. Nc3 Nf6 4. Bb5 Bb4 5. O-O O-O 6. d3 Bxc3 7. bxc3 d6 8. Bg5 Re8 9. Re1 a6 10. Ba4 Bd7 11.
Bb3 Na5 12. h3 c5 13. Bd5 Be6 14. c4 h6 15. Bh4 Kh7 16. Qd2 Nc6 17. Rab1 Rb8 18. c3 Bxd5 19. cxd5 Ne7 20. Bxf6 gxf6 21. Nh4 b5 22. Re3 Rg8 23. Rf3 Kg7 24. Qe3 Qd7 25.
Rg3+ Kh7 26. Qf3 Rxg3 27. fxg3 Ng8 28. Nf5 Ne7 29. Nh4 Ng8 30. Rf1 b4 31. c4 a5 32. Nf5 Qd8 33. Qg4 Qf8 34. Qd1 Ne7 35. Nh4 Ng8 36. g4 Qe8 37. Nf5 Rd8 38. h4 a4 39. g5 fxg5 40. hxg5 f6 41. gxh6 a3 42.
Rf3 Qh5 43. Qa4 Qg5 44. Rg3 Qc1+ 45. Kh2 Ne7 46. Qa7 Re8 47. Qd7 Qf4 48. Qxe8 Qxh6+ 49. Nxh6 Nxd5 50. Qg6+ Kh8 51. Qg8# 1-0

[Event "*** Titled Tuesday Blitz"]
[Site "Chess.com"]
[Date "2021.02.02"]
[Round "9"]
[White "IMAghasiyevKamal"]
[Black "ketster"]
[Result "1-0"]
[WhiteElo "2579"]
[BlackElo "2391"]
[TimeControl "180+1"]
[EndTime "11:46:34 PST"]
[Termination "IMAghasiyevKamal won by resignation"]

1. d4 Nf6 2. c4 e6 3. g3 Bb4+ 4. Bd2 Be7 5. Bg2 d5 6. Qc2 O-O 7. Nf3 Nbd7 8. O-O c6 9. Bf4 Ne4 10. Nc3 g5 11. Bc1 f5 12. b3 Bf6 13. Rd1 b6 14. Ba3 Rf7 15. cxd5 cxd5 16. Nb5 Nf8 17. Ne5 Bxe5 18. dxe5 Ba6 19. Nd6 Rc7 20. Qb2 Nc3 21. Re1 Ng6 22. Rac1 Nxe2+ 23. Rxe2 Rxc1+ 24. Qxc1 Bxe2 25. Bb2 Ba6 26. Qc6 Ne7 27. Qa4 Bc8 28. h4 Bd7 29. Qb4 Nc6 30. Qd2 gxh4 31. Bxd5 Qe7 32. Nxf5 Qf8 33. Qg5+ Kh8 34. Bc4 b5 35. Bxb5 Qxf5 36. Qxf5 exf5 37. e6+ Kg8 38. exd7 Nd8 39. Bc4+ Kf8 40.
Bf6 hxg3 41. fxg3 a5 42. a4 Rb8 43. Kf2 h6 44. Kf3 Nf7 45. Bxf7 Rd8 46. Bxd8 1-0

[Event "*** Titled Tuesday Blitz"]
[Site "Chess.com"]
[Date "2021.02.02"]
[Round "9"]
[White "boasovietica"]
[Black "c_r_e_e_p_e_r"]
[Result "0-1"]
[WhiteElo "2493"]
[BlackElo "2391"]
[TimeControl "180+1"]
[EndTime "11:46:34 PST"]
[Termination "c_r_e_e_p_e_r won on time"]

1. e4 c5 2. Nf3 e6 3. d4 cxd4 4. Nxd4 a6 5. Bd3 Nf6 6. Nc3 Qc7 7. O-O b5 8. Nb3 Bb7 9. Qe2 d6 10. f4 Nbd7 11. Bd2 Be7 12. Rae1 h5 13. Kh1 h4 14. e5 h3 15. Rf2 hxg2+ 16. Rxg2 dxe5 17. fxe5 Nxe5 18. Qxe5 Bd6 19. Qxd6 Bxg2+ 20. Kxg2 Qxd6 21. h3 Nh5 22. Ne4 Qd5 23. Kf2 Qf5+ 24. Kg2 Nf4+ 25. Bxf4 Qxf4 26. Rf1 Qe5 27. Rf3 f5 28. Nf2 g5 29.
Rg3 Rg8 30. Nd2 Qxb2 31. Re3 Kf7 32. Nf3 Qf6 33. Ne5+ Kg7 34. Nd7 Qe7 35. Ne5 Rac8 36. Rg3 Qf6 37. Nf3 Kf7 38. Nd1 g4 39. Ng1 gxh3+ 40.
Nxh3 Rxg3+ 41. Kxg3 Rg8+ 42. Kh2 Qe5+ 43. Kh1 Qe1+ 44. Kh2 Qg3+ 0-1

[Event "*** Titled Tuesday Blitz"]
[Site "Chess.com"]
[Date "2021.02.02"]
[Round "9"]
[White "RobertoJBM"]
[Black "PotapovaM"]
[Result "0-1"]
[WhiteElo "2771"]
[BlackElo "2659"]
[TimeControl "180+1"]
[EndTime "11:46:35 PST"]
[Termination "PotapovaM won on time"]

1. d4 Nf6 2. Nf3 e6 3. e3 b6 4. Bd3 Bb7 5. Qe2 c5 6. c3 Nc6 7. O-O Be7 8. Nbd2 O-O 9. a3 d6 10. e4 e5 11. d5 Nb8 12. Re1 g6 13. a4 a6 14. Nf1 Nh5 15. g3 Nd7 16. Bh6 Ng7 17.
Ne3 f6 18. h4 Rf7 19. Rf1 Nh5 20. Ng2 Bf8 21. Bd2 Bc8 22. Nh2 Ng7 23. Ng4 Kh8 24.
f4 exf4 25. Bxf4 f5 26. Nh6 Re7 27. Bg5 Nh5 28. Nf7+ Rxf7 29. Bxd8 Ne5 30. exf5 Nxg3 31. Qe3 Nxf5 32. Bxf5 Bxf5 33. Bxb6 Nc4 34. Qg5 Nxb6 35. Ne3 Be7 36. Qg3 Raf8 37. Nxf5 gxf5 38. Kh1 Nxd5 39. Rae1 f4 40. Qf3 Rf5 41. Qe4 Bxh4 42. Rf3 Bxe1 43. Qxe1 Ne3 44. Qe2 Rh5+ 45. Kg1 Rg8+ 0-1

[Event "*** Titled Tuesday Blitz"]
[Site "Chess.com"]
[Date "2021.02.02"]
[Round "9"]
[White "noblerone"]
[Black "MikeSailer"]
[Result "1-0"]
[WhiteElo "2409"]
[BlackElo "2198"]
[TimeControl "180+1"]
[EndTime "11:46:35 PST"]
[Termination "noblerone won on time"]

1. d4 d5 2. Nf3 Bf5 3. c4 e6 4. Nc3 Nc6 5. a3 Nf6 6. Bg5 Be7 7.
e3 h6 8. Bh4 O-O 9. Be2 Ne4 10.
Bxe7 Nxe7 11. O-O c6 12. h3 Bh7 13. Rc1 Nxc3 14. Rxc3 Nf5 15. c5 Rc8 16. b4 Nh4 17. a4 Nxf3+ 18. Bxf3 Be4 19. b5 Bxf3 20. Qxf3 Qe7 21. Rb1 e5 22. Rcb3 exd4 23. exd4 Rfe8 24. bxc6 bxc6 25. a5 Qe4 26. Qc3 Re6 27. Rb8 Rxb8 28.
Rxb8+ Kh7 29. f3 Qe2 30. Rb2 Qd1+ 31. Kh2 Re1 32. Qc2+ Qxc2 33. Rxc2 Ra1 34. Rb2 Rxa5 35.
Rb7 Ra4 36. Rxf7 Rxd4 37. Rc7 a5 38. Rxc6 Rc4 39. Rc7 a4 40. Ra7 d4 41. Ra5 d3 42.
Ra6 d2 43. Rd6 1-0

[Event "*** Titled Tuesday Blitz"]
[Site "Chess.com"]
[Date "2021.02.02"]
[Round "9"]
[White "Margency"]
[Black "IMJonathanCarlstedt"]
[Result "1-0"]
[WhiteElo "2640"]
[BlackElo "2480"]
[TimeControl "180+1"]
[EndTime "11:46:37 PST"]
[Termination "Margency won by resignation"]

1. e4 g6 2. d4 Bg7 3. Nc3 d6 4. Be3 a6 5. f4 b5 6. Bd3 Bb7 7. Nf3 Nf6 8. e5 Nd5 9. Nxd5 Bxd5 10. Qe2 O-O 11. O-O Nd7 12. a4 c6 13. c3 Nb6 14.
axb5 axb5 15. Ng5 Bc4 16. Ne4 Bxd3 17. Qxd3 Nc4 18. b3 Nxe3 19. Qxe3 Qc7 20. e6 f5 21. Ng5 c5 22. Rxa8 Rxa8 23. Qh3 h5 24.
d5 c4 25. bxc4 Qxc4 26. Qg3 Qxd5 27. Nf3 Qxe6 28. Re1 Qf6 29. Ng5 e5 30. Qd3 Ra7 31. Qd5+ Kh8 32. Qxb5 Qe7 33. Qb8+ Bf8 34. fxe5 Rb7 35.
Qxd6 Qxd6 36. exd6 Bxd6 37. Re6 Bc5+ 38. Kf1 Kg7 39. h4 Rb2 40. Rc6 Be3 41. g3 Rf2+ 42. Ke1 Rg2 43. c4 Bxg5 44. hxg5 Rxg3 45. Rc7+ Kg8 46. c5 Rxg5 47. c6 f4 48. Rd7 Rc5 49. c7 1-0

[Event "*** Titled Tuesday Blitz"]
[Site "Chess.com"]
[Date "2021.02.02"]
[Round "9"]
[White "Piacramling"]
[Black "manmanlai1"]
[Result "0-1"]
[WhiteElo "2286"]
[BlackElo "2458"]
[TimeControl "180+1"]
[EndTime "11:46:37 PST"]
[Termination "manmanlai1 won on time"]

1. Nf3 Nf6 2. c4 g6 3. Nc3 d5 4.
cxd5 Nxd5 5. Qb3 Nb6 6. d4 Bg7 7. Bg5 O-O 8. Rd1 Nc6 9. e3 Be6 10. Qc2 Qc8 11. Be2 Re8 12. O-O Nb4 13. Qb1 c5 14. a3 N4d5 15. Nxd5 Bxd5 16. Rc1 c4 17. e4 Be6 18. d5 Bg4 19. Be3 e6 20. Bxb6 axb6 21. Rxc4 Qd7 22. Rd1 exd5 23. Rxd5 Qe7 24.
Rd1 Rac8 25. Rxc8 Rxc8 26. Nd4 Bd7 27. h3 h5 28. Bf1 Re8 29. Nf3 Bc6 30. Bd3 Qc5 31.
Rc1 Qd6 32. Rd1 Qc5 33. Rc1 Qe7 34. Re1 Kf8 35. Bc2 Qc5 36. Bd3 b5 37. Bc2 b4 38. axb4 Qxb4 39. b3 Bc3 40. Re2 Bb5 41.
Bd3 Bc6 42. Bc4 Bg7 43. Qc2 Ra8 0-1

[Event "*** Titled Tuesday Blitz"]
[Site "Chess.com"]
[Date "2021.02.02"]
[Round "9"]
[White "rududuyk"]
[Black "ajdemipopushi"]
[Result "0-1"]
[WhiteElo "2157"]
[BlackElo "2328"]
[TimeControl "180+1"]
[EndTime "11:46:37 PST"]
[Termination "ajdemipopushi won by resignation"]

1. e4 c5 2. Nf3 g6 3. d4 cxd4 4. Nxd4 Bg7 5. Nc3 Nc6 6. Be3 Nf6 7. Bc4 O-O 8. Bb3 Ng4 9. Qxg4 Nxd4 10. Qd1 Nxb3 11.
axb3 d6 12. Bd4 a6 13. Bxg7 Kxg7 14. Qd4+ f6 15. h4 h5 16. O-O Be6 17. Nd5 Rc8 18. c3 Bf7 19. Rfe1 e6 20. Ne3 Qe7 21. Rad1 Rfd8 22.
Qb6 Rc6 23. Qb4 Qc7 24. Rd2 a5 25. Qd4 e5 26. Qa4 b5 27. Qxb5 Rb8 28. Qe2 Rxb3 29. Red1 a4 30. Nd5 Bxd5 31. Rxd5 a3 32. bxa3 Rbxc3 33. Qd2 Rc2 34. Qd3 R2c4 35. Rxd6 Rxd6 36. Qxd6 Qxd6 37. Rxd6 Rxe4 38. Rd7+ Kh6 39. Ra7 Rxh4 40. a4 Rb4 41. a5 Kg5 42. a6 Ra4 43. Ra8 f5 44. a7 e4 45. Kf1 h4 46. Ke2 Kf4 47.
Kd2 g5 48. Kc3 g4 49. Kb3 Ra1 50. Kb2 Ra6 51. Kb3 h3 52. gxh3 gxh3 53. Rh8 Rxa7 54. Rxh3 Rc7 55. Kb2 Kg4 56. Rg3+ Kf4 57. Rh3 Rg7 58. Kc2 Rg2 59. Kc3 Rxf2 0-1

[Event "*** Titled Tuesday Blitz"]
[Site "Chess.com"]
[Date "2021.02.02"]
[Round "9"]
[White "MatyChess1"]
[Black "ChampStan"]
[Result "1-0"]
[WhiteElo "2589"]
[BlackElo "2189"]
[TimeControl "180+1"]
[EndTime "11:46:38 PST"]
[Termination "MatyChess1 won on time"]

1. e4 e5 2. Nf3 Nc6 3. Bc4 Bc5 4. c3 Nf6 5. d3 d6 6. Nbd2 a6 7. Nf1 Be6 8. Bb3 Ba7 9. Ng3 d5 10. exd5 Bxd5 11. Bc2 Qd7 12. Bg5 Ng4 13. O-O h6 14. Bd2 f5 15. Nh4 Ne7 16. d4 Be6 17. Nhxf5 Nxf5 18. Qxg4 Nxg3 19. Qxg3 O-O-O 20. Qxe5 Rde8 21. Qg3 c5 22. Be3 Rhf8 23. dxc5 Bb8 24. Qh4 Qc7 25.
g3 g5 26. Qd4 Qc6 27. Be4 Qc7 28. Rad1 Bd7 29. Rfe1 Bc6 30. Bxc6 Qxc6 31. a4 Bc7 32. b4 Kb8 33. b5 axb5 34. axb5 Qxb5 35. Rb1 Qc6 36. Red1 Rd8 37. Qc4 Rxd1+ 38. Rxd1 Qf3 39. Qd3 h5 40. Qd5 Qf6 41. Rb1 b6 42. cxb6 Be5 43. Ra1 1-0

[Event "*** Titled Tuesday Blitz"]
[Site "Chess.com"]
[Date "2021.02.02"]
[Round "9"]
[White "AlexSuv"]
[Black "Susal_De_Silva"]
[Result "1-0"]
[WhiteElo "2493"]
[BlackElo "2590"]
[TimeControl "180+1"]
[EndTime "11:46:38 PST"]
[Termination "AlexSuv won by resignation"]

1. d4 Nf6 2. c4 e6 3. Nc3 Bb4 4. e3 O-O 5. Bd2 c6 6. Nf3 d5 7. Bd3 Nbd7 8. O-O Re8 9. a3 Ba5 10.
b4 Bc7 11. b5 e5 12. bxc6 bxc6 13. cxd5 e4 14. dxc6 Nb6 15. Be2 exf3 16. Bxf3 Be6 17.
Re1 Qd6 18. g3 Nc4 19. Nb5 Qe7 20. Bb4 Nd6 21. e4 a5 22. Bxd6 Bxd6 23. Nxd6 Qxd6 24. e5 Qd8 25. exf6 Qxf6 26. d5 Bf5 27. Rxe8+ Rxe8 28. d6 Bc2 29. d7 Rf8 30. Qxc2 Qxa1+ 31. Kg2 Qd4 32. Qe4 Qd6 33. Qe8 Qc7 34. Bd5 g6 35. Bxf7+ Kg7 36. Bd5 Qd6 37. Be4 Qd4 38. Qe7+ Rf7 39.
Qe6 Qxf2+ 40. Kh3 Qe2 41. d8=Q Qh5+ 42. Qh4 Qd1 43. Qxf7+ 1-0

[Event "*** Titled Tuesday Blitz"]
[Site "Chess.com"]
[Date "2021.02.02"]
[Round "9"]
[White "Fischerev7"]
[Black "Bodnar_Mykola"]
[Result "1-0"]
[WhiteElo "2405"]
[BlackElo "2537"]
[TimeControl "180+1"]
[EndTime "11:46:38 PST"]
[Termination "Fischerev7 won on time"]

1. e4 e5 2. Nf3 Nc6 3. Bb5 a6 4. Ba4 Nf6 5. O-O b5 6. Bb3 Bc5 7. c3 O-O 8. d4 Bb6 9. d5 Ne7 10. Nxe5 Nxe4 11. Bc2 Nf6 12. Bg5 Ng6 13. Ng4 d6 14.
Nxf6+ gxf6 15. Bh6 Re8 16. Nd2 Qe7 17. Qh5 Qe2 18.
Bxg6 hxg6 19. Qh4 g5 20. Bxg5 fxg5 21. Qxg5+ Kh7 22. Qh4+ Kg6 23. Nf3 Qe7 24. Qg3+ Kh7 25. Rae1 Qd7 26. Qh4+ Kg7 27. Qg5+ Kh7 28. Qh5+ Kg7 29. Rxe8 Qxe8 30. Re1 Qd8 31. Re4 Qf6 32. Rh4 Bf5 33. Rf4 Bg6 34. Qg4 Qe7 35. h4 Rh8 36. Ng5 Rh5 37. Nxf7 Qxf7 38. Rxf7+ Kxf7 39. Qf3+ Kg7 40. g4 1-0

[Event "*** Titled Tuesday Blitz"]
[Site "Chess.com"]
[Date "2021.02.02"]
[Round "9"]
[White "chescomhuynya"]
[Black "markowskitomasz"]
[Result "0-1"]
[WhiteElo "2514"]
[BlackElo "2649"]
[TimeControl "180+1"]
[EndTime "11:46:39 PST"]
[Termination "markowskitomasz won by resignation"]

1. d4 Nf6 2. c4 g6 3. Nc3 Bg7 4. e4 O-O 5. Be2 c6 6. Nf3 d5 7. e5 Ne4 8. O-O Nxc3 9. bxc3 dxc4 10. Bxc4 c5 11. d5 Bg4 12. Re1 Nd7 13. Bf4 Nb6 14.
Qd3 Bf5 15. Qf1 Nxd5 16. Rad1 e6 17. Bg5 Qa5 18. Bxd5 exd5 19. Rxd5 Qxc3 20. Rc1 Qa3 21. Rdxc5 Qxa2 22. Rc7 Be4 23. Nd2 Bc6 24. Nc4 Rac8 25. Rxc8 Rxc8 26. Nd6 Rf8 27. Bf6 Bxf6 28. exf6 Qe6 29.
Nc4 Qxf6 30. Na5 Bd5 31. Rd1 Qf5 32. Qb5 Be6 33. Qb4 b6 34. Nc6 Qc5 35. Ne7+ Kg7 36.
Qxc5 bxc5 37. Nc6 a6 38. Ra1 Rc8 39. Ne5 c4 40. Rxa6 c3 41. Ra1 c2 42. Nd3 Rd8 43. Nb2 Bb3 44. Kf1 Rd1+ 0-1

[Event "*** Titled Tuesday Blitz"]
[Site "Chess.com"]
[Date "2021.02.02"]
[Round "9"]
[White "enriquetejedor"]
[Black "CalinGheorghiu"]
[Result "1-0"]
[WhiteElo "2519"]
[BlackElo "2277"]
[TimeControl "180+1"]
[EndTime "11:46:39 PST"]
[Termination "enriquetejedor won by resignation"]

1. d4 Nf6 2. Nf3 d5 3. e3 c5 4. c4 e6 5. Nc3 a6 6. a3 Nc6 7. dxc5 Bxc5 8. b4 Bd6 9. Bb2 O-O 10.
Qb3 dxc4 11. Bxc4 b5 12. Be2 Bb7 13. O-O Qc7 14. Rac1 Rac8 15. Rfd1 Qb8 16. h3 Ne5 17. Nxe5 Bxe5 18. a4 bxa4 19. Nxa4 Ne4 20. Bxe5 Qxe5 21. Nc5 Bd5 22. Qa3 Nxc5 23. bxc5 Qg5 24. Bf1 Rc6 25. Rd4 Rfc8 26. Rg4 Qf6 27. e4 h5 28. exd5 hxg4 29. dxc6 gxh3 30. Qxa6 h2+ 31. Kxh2 Rd8 32. c7 Qf4+ 33.
Kg1 Qxc7 34. Qb6 Qe7 35. c6 Qg5 36. c7 Rc8 37. Qc5 Qf4 38. Qc4 Qe5 39. g3 g5 40. Qc6 Kg7 41. Qd7 Qb2 42. Qxc8 1-0

[Event "*** Titled Tuesday Blitz"]
[Site "Chess.com"]
[Date "2021.02.02"]
[Round "9"]
[White "zeitnot2006"]
[Black "JoachimMouhamad"]
[Result "1-0"]
[WhiteElo "2529"]
[BlackElo "2299"]
[TimeControl "180+1"]
[EndTime "11:46:39 PST"]
[Termination "zeitnot2006 won by resignation"]

1. d4 Nf6 2. Bf4 d5 3. Nc3 c5 4. e3 cxd4 5. exd4 a6 6. Bd3 Nc6 7. Nge2 Bg4 8. f3 Bh5 9. g4 Bg6 10. Bxg6 hxg6 11. Qd2 e6 12. h4 Rc8 13. O-O-O Bb4 14.
a3 Be7 15. Kb1 b5 16. Na2 a5 17. Nac1 a4 18. Nd3 Qb6 19. c3 Na5 20. Ne5 Nc4 21. Qd3 Nd7 22. Nxd7 Kxd7 23. Bc1 Bxh4 24. g5 Rh7 25.
Rh3 Rch8 26. Rdh1 Qd8 27. f4 Nd6 28. Ng1 Qb8 29. Nf3 Nf5 30. Ne5+ Ke8 31. R1h2 Rh5 32. Bd2 Qb7 33. Qf3 Qc8 34. Qf1 Qb7 35. Qf3 R8h7 36. Nd3 Qc6 37. Ne5 Qb7 38. Rh1 Rh8 39. Qg2 Ke7 40.
R1h2 R8h7 41. Nf3 Rh8 42. Qg4 Bf2 43. Qg2 Bxd4 44. cxd4 Rxh3 45. Rxh3 Rxh3 46. Qxh3 Qc6 47. Bb4+ Kd7 48. Ne5+ Kc8 49. Nxc6 1-0

[Event "*** Titled Tuesday Blitz"]
[Site "Chess.com"]
[Date "2021.02.02"]
[Round "9"]
[White "GCamachoMartinez"]
[Black "VladimirBugayev"]
[Result "0-1"]
[WhiteElo "2409"]
[BlackElo "2269"]
[TimeControl "180+1"]
[EndTime "11:46:40 PST"]
[Termination "VladimirBugayev won on time"]

1. d4 Nf6 2. c4 c5 3. d5 b5 4. Nd2 d6 5. e4 b4 6. Ngf3 g6 7. b3 Bg7 8. Bb2 O-O 9. Bd3 e5 10. O-O a5 11. Ne1 Nh5 12. g3 Bh3 13. Ng2 Qd7 14. f4 exf4 15. Bxg7 Nxg7 16. Rxf4 a4 17. Rh4 Bxg2 18. Kxg2 a3 19. Qe2 Qe7 20. Qe3 h5 21. Rf1 Nd7 22. Rhf4 Ne5 23. h3 Rae8 24. Nf3 Nxf3 25.
R4xf3 f5 26. Qf4 g5 27. Qd2 fxe4 28. Rxf8+ Rxf8 29. Rxf8+ Kxf8 30. Qf2+ Ke8 31. Be2 Qe5 32. g4 h4 33. Qe3 Ke7 34. Bd1 Ne8 35. Bc2 Nf6 36.
Qf2 Kf7 37. Kf1 Kg6 38. Ke2 Qc3 39. Kf1 Qe5 40. Kg2 Qf4 41. Qe2 Kg7 42. Qf2 Qxf2+ 43.
Kxf2 Kf7 44. Ke3 Nd7 45. Bxe4 Ne5 46. Bf5 Nxc4+ 0-1

[Event "*** Titled Tuesday Blitz"]
[Site "Chess.com"]
[Date "2021.02.02"]
[Round "9"]
[White "federicosellitti"]
[Black "FlySooHigh"]
[Result "1-0"]
[WhiteElo "2468"]
[BlackElo "2594"]
[TimeControl "180+1"]
[EndTime "11:46:41 PST"]
[Termination "federicosellitti won by resignation"]

1. e4 c5 2. Nc3 d6 3. g3 g6 4. Bg2 Bg7 5. d3 Nc6 6. Be3 e5 7.
Qd2 Nge7 8. Bh6 Bxh6 9. Qxh6 Nd4 10. Qd2 Be6 11. Nd1 O-O 12. c3 Ndc6 13. h4 f5 14. h5 f4 15. Bh3 Qd7 16. Bxe6+ Qxe6 17. Nh3 Qg4 18. hxg6 Nxg6 19. Qe2 h5 20. f3 Qe6 21. gxf4 exf4 22. Qg2 Ne5 23. Ndf2 Kg7 24. Ng5 Qf6 25. O-O-O Rh8 26. Rdg1 Rag8 27. Qh3 Re8 28. d4 cxd4 29. cxd4 Nc6 30. e5 dxe5 31. Nfe4 Qe7 32. d5 Nd4 33. Kb1 Rd8 34. Ne6+ Nxe6 35. dxe6 Rh6 36. Qf5 Rf8 37. Rxg6+ Rxg6 38. Qxh5 Rg8 39. Qxe5+ Kf8 40. Qxf4+ Kg7 41. Nd6 Qxe6 42. Nf5+ Kf8 43. Nh6+ Rf6 44. Qb8+ Kg7 45. Nxg8 Rxf3 46. Rg1+ Kf7 47. Qxb7+ Ke8 48. Qxf3 1-0